 Dungeon Sprint DCSS version 0.21-a0-264-g3e31e41 (webtiles) character file.

7300000 AvylaarBelgium the Intangible (level 27, -208/323 HPs)
             Began as a Troll Warper on Sept 10, 2017.
             Was the Champion of Makhleb.
             Annihilated by a sculptor of flesh
             ... wielding a +9 great sword
              (246 damage)
             ... in the Dungeon (Sprint VIII: "Arena of Blood").
             The game lasted 00:01:59 (73 turns).

AvylaarBelgium the Intangible (Troll Warper)          Turns: 73, Time: 00:02:00

Health: -208/323   AC:  7    Str: 27    XL:     27
Magic:  18/53      EV: 31    Int:  9    God:    Makhleb [******]
Gold:   0          SH:  0    Dex: 18    Spells: 80/80 levels left

rFire    . . .     SeeInvis +   l - +∞ Axe of Woe
rCold    . . .     Gourm    +   (shield currently unavailable)
rNeg     . . .     Faith    .   b - +0 robe
rPois    .         Spirit   .   (helmet restricted)
rElec    .         Reflect  .   (no cloak)
rCorr    .         Harm     .   (gloves unavailable)
MR       ++...     NoTele   +   (boots unavailable)
Stlth    +++++++++.             (no amulet)
HPRegen  1.03/turn              m - ring of see invisible
MPRegen  0.33/turn              (no ring)

@: no status effects
A: unfitting armour, claws 3, fast metabolism 3, gourmand, regeneration 1,
shaggy fur 1, tough skin 2
a: Minor Destruction, Lesser Servant of Makhleb, Major Destruction, Greater
Servant of Makhleb, Renounce Religion


You were in the Dungeon.
You worshipped Makhleb.
Makhleb was exalted by your worship.
You were not hungry.

You visited 1 branch

Inventory:

Hand Weapons
 a - a +0 hand axe
 l - the +∞ Axe of Woe (weapon)
   (You found it in the Dungeon)
Missiles
 e - 5 tomahawks of dispersal (quivered)
Armour
 b - a +0 robe (worn)
Jewellery
 m - a ring of see invisible (left claw)
Scrolls
 d - 2 scrolls of blinking
Potions
 g - a potion of curing
 h - a potion of heal wounds
 i - a potion of haste
 j - 2 potions of magic
 k - a potion of berserk rage
Books
 c - a book of Spatial Translocations

   Spells                             Type                      Level
   a - Blink                          Translocation                2
   b - Shroud of Golubria             Charms/Translocation         2
   c - Lesser Beckoning               Translocation                3
   d - Gell's Gravitas                Translocation                3
   e - Teleport Other                 Translocation                3
   f - Passage of Golubria            Translocation                4
Comestibles
 f - 2 bread rations


   Skills:
 O Level 27 Fighting
 O Level 27 Axes
 O Level 27 Throwing
 O Level 27 Armour
 O Level 27 Dodging
 O Level 27 Stealth
 O Level 27 Unarmed Combat
 O Level 27 Spellcasting
   Level 2.1 Translocations
 O Level 27 Invocations


You had 80 spell levels left.
You didn't know any spells.

Dungeon Overview and Level Annotations

Branches:
Dungeon (1/1)

Altars:
Makhleb

Annotations:
D The Servant


Innate Abilities, Weirdness & Mutations

You are too large for most types of armour.
You have claws for hands.
Your metabolism is lightning-fast.
You like to eat raw meat.
Your natural rate of healing is unusually fast.
You are covered in fur. (AC +1)
You have very tough skin. (AC +2)


Message History

The destroyer bites you!
The destroyer draws strength from your injuries!
The accursed gestures at you while chanting.
Something smites you!
The Servant hits you from afar with a +9 glaive of flaming!!!!
The Servant burns you!!!
* * * LOW HITPOINT WARNING * * *
You hear a shout!
The bag of meat moves out of view.
You hear a shout!
The destroyer blinks!
You hear a shout!
The bag of meat completely misses you.
You hear a shout! x2
The bag of meat hits you with a +9 war axe!!!
* * * LOW HITPOINT WARNING * * *
You hear a shout!
The sculptor of flesh hits you with a +9 great sword!!!!!
Ouch! That really hurt!
You die...

####.........))o........
##..........##.##.#####..
..........)........o.....
....####%)...##)##......
#.%%))§.%...).o......
DO..#.))x).....#)#§.....
o #)V§.x)M...).§§....#
#..§#@o)))....))§§.....
#o..ooO#o@.Wx............
..o.oooOzoV......))......
o#ooOoooox......).)......
o.#oz.....V#....)).#.....
..o..#o....#O......#.....
..#......###.......###...
z.............###).......
.....#........_..)......
..#....)#..o...


You could see an accursed, The Servant, 3 destroyers, 2 sculptors of flesh, a
dread, 3 meat berserkers, a small abomination, 16 bags of meat and 3 crawling
corpses.

Vanquished Creatures
  A hell beast (D)
  A greater mummy (D)
  9 vampire knights (D)
  24 ogres (D)
  3 two-headed ogres (D)
  A lich (D)
  51 orcs (D)
  2 skeletal warriors (D)
  3 large abominations (D)
  5 small abominations (D)
  5 crawling corpses (D)
105 creatures vanquished.

Vanquished Creatures (others)
  A crawling corpse (D)
1 creature vanquished.

Grand Total: 106 creatures vanquished

Notes
Turn   | Place    | Note
-------+----------+-------------------------------------------
     0 | D        | Found the +∞ Axe of Woe
     0 | D        | AvylaarBelgium the Troll Warper began the quest for the Orb.
     0 | D        | Reached XP level 1. HP: 19/19 MP: 1/1
     2 | D        | Noticed a bag of meat
     2 | D        | Noticed a bag of meat
     3 | D        | Became a worshipper of Makhleb the Destroyer
     4 | D        | Noticed a bag of meat
     7 | D        | Killed a bag of meat
     7 | D        | Reached XP level 2. HP: 48/48 MP: 1/11
     7 | D        | Reached XP level 3. HP: 55/55 MP: 1/13
     7 | D        | Reached XP level 4. HP: 65/65 MP: 1/14
     7 | D        | Reached XP level 5. HP: 72/72 MP: 1/16
     7 | D        | Reached XP level 6. HP: 80/80 MP: 1/17
     7 | D        | Reached XP level 7. HP: 88/88 MP: 1/19
     7 | D        | Reached XP level 8. HP: 97/97 MP: 1/20
     7 | D        | Reached XP level 9. HP: 105/105 MP: 1/21
     7 | D        | Reached XP level 10. HP: 114/114 MP: 1/22
     7 | D        | Reached XP level 11. HP: 120/120 MP: 1/23
     8 | D        | Noticed a bag of meat
     8 | D        | Noticed a meat berserker
     8 | D        | Noticed a meat berserker
     8 | D        | Noticed a meat berserker
     8 | D        | Killed a bag of meat
     8 | D        | Reached * piety under Makhleb
     8 | D        | Reached skill level 5 in Throwing
     8 | D        | Reached XP level 12. HP: 133/133 MP: 1/26
     9 | D        | Noticed a meat berserker
     9 | D        | Killed a meat berserker
     9 | D        | Reached skill level 15 in Axes
     9 | D        | Reached XP level 13. HP: 81/148 MP: 1/28
     9 | D        | Reached XP level 14. HP: 86/157 MP: 1/29
     9 | D        | Killed a meat berserker
     9 | D        | Reached XP level 15. HP: 170/170 MP: 1/32
    11 | D        | Noticed a meat berserker
    12 | D        | Noticed a meat berserker
    12 | D        | Noticed a meat berserker
    13 | D        | Noticed a large bag of meat
    13 | D        | Noticed a large bag of meat
    13 | D        | Noticed a meat berserker
    15 | D        | Noticed a meat berserker
    15 | D        | Killed a meat berserker
    15 | D        | Reached ** piety under Makhleb
    15 | D        | Reached skill level 15 in Spellcasting
    15 | D        | Reached XP level 16. HP: 185/185 MP: 3/34
    15 | D        | Killed a meat berserker
    15 | D        | Reached *** piety under Makhleb
    15 | D        | Reached XP level 17. HP: 200/200 MP: 3/36
    16 | D        | Noticed a meat berserker
    16 | D        | Killed a meat berserker
    16 | D        | Killed a meat berserker
    16 | D        | Reached **** piety under Makhleb
    16 | D        | Reached skill level 27 in Dodging
    16 | D        | Reached XP level 18. HP: 218/218 MP: 3/39
    17 | D        | Killed a meat berserker
    17 | D        | Reached skill level 27 in Axes
    17 | D        | Reached skill level 10 in Throwing
    17 | D        | Killed a meat berserker
    17 | D        | Reached XP level 19. HP: 239/239 MP: 3/43
    17 | D        | Killed a meat berserker
    18 | D        | Noticed a meat berserker
    22 | D        | Killed a meat berserker
    22 | D        | Reached ***** piety under Makhleb
    22 | D        | Reached skill level 27 in Fighting
    22 | D        | Reached XP level 20. HP: 124/256 MP: 4/47
    22 | D        | Killed a large bag of meat
    22 | D        | Reached skill level 15 in Throwing
    22 | D        | Reached skill level 27 in Spellcasting
    25 | D        | Killed a meat berserker
    25 | D        | Reached XP level 21. HP: 256/265 MP: 5/51
    25 | D        | Reached skill level 27 in Throwing
    25 | D        | Reached ****** piety under Makhleb
    25 | D        | Reached skill level 5 in Armour
    34 | D        | Reached skill level 10 in Unarmed Combat
    34 | D        | Reached skill level 10 in Armour
    35 | D        | Reached skill level 10 in Stealth
    35 | D        | Reached skill level 15 in Unarmed Combat
    35 | D        | Reached XP level 22. HP: 196/275 MP: 8/52
    35 | D        | Reached skill level 15 in Invocations
    41 | D        | Noticed a destroyer
    41 | D        | Noticed a destroyer
    43 | D        | Reached skill level 15 in Stealth
    43 | D        | Reached XP level 23. HP: 284/284 MP: 11/53
    45 | D        | Killed a destroyer
    45 | D        | Reached skill level 27 in Unarmed Combat
    45 | D        | Reached XP level 24. HP: 295/295 MP: 11/53
    45 | D        | Reached skill level 27 in Invocations
    45 | D        | Killed a destroyer
    45 | D        | Reached skill level 27 in Armour
    46 | D        | Noticed a large bag of meat
    46 | D        | Noticed a large bag of meat
    47 | D        | Killed a large bag of meat
    47 | D        | Reached skill level 27 in Stealth
    47 | D        | Reached XP level 25. HP: 304/304 MP: 12/53
    48 | D        | Noticed a destroyer
    49 | D        | Noticed an accursed
    51 | D        | Reached XP level 26. HP: 314/314 MP: 13/53
    52 | D        | Noticed The Servant
    52 | D        | Noticed a destroyer
    52 | D        | Killed a destroyer
    53 | D        | Reached XP level 27. HP: 323/323 MP: 13/53
    54 | D        | Noticed a destroyer
    55 | D        | Killed an accursed
    56 | D        | Noticed a large bag of meat
    56 | D        | Killed a destroyer
    57 | D        | Noticed a tyrant
    57 | D        | Noticed a destroyer
    58 | D        | Noticed a meat beast
    60 | D        | Killed a destroyer
    61 | D        | Noticed a destroyer
    61 | D        | Noticed a destroyer
    61 | D        | Killed a large bag of meat
    63 | D        | Noticed a destroyer
    64 | D        | Noticed an accursed
    64 | D        | Noticed a destroyer
    64 | D        | Noticed a destroyer
    64 | D        | Noticed a dread
    64 | D        | Killed a meat beast
    66 | D        | Killed a destroyer
    66 | D        | Killed a destroyer
    67 | D        | Noticed a destroyer
    67 | D        | Killed a tyrant
    67 | D        | Killed a destroyer
    70 | D        | Killed a destroyer
    73 | D        | Annihilated by a sculptor of flesh

Vault maps used:
D:        meatsprint

Skill      XL: |  1  2  3  4  5  6  7  8  9 10 11 12 13 14 15 16 17 18 19 20 21 22 23 24 |
---------------+-------------------------------------------------------------------------+-----
Fighting       | 11 12 14 16 18 19 22 25 27 | 27.0
Axes           | 11 13 15 17 20 22 25 27 | 27.0
Throwing       | 4 5 6 7 8 9 10 12 26 27 | 27.0
Dodging        | 14 16 18 20 22 24 27 | 27.0
Spellcasting   | 9 11 12 14 15 16 18 21 24 27 | 27.0
Armour         | 13 19 24 27 | 27.0
Stealth        | 10 15 20 27 | 27.0
Unarmed Combat | 15 22 27 | 27.0
Invocations    | 14 21 26 27 | 27.0
Translocations | |  2.1

Action                   |  1- 3 |  4- 6 |  7- 9 | 10-12 | 13-15 | 16-18 | 19-21 | 22-24 | 25-27 || total
-------------------------+-------+-------+-------+-------+-------+-------+-------+-------+-------++-------
Melee: Executioner's axe |     1 |       |       |     2 |     1 |     2 |     4 |     5 |    21 ||    36
Armor: Robe              |       |       |       |       |       |       |       |       |     1 ||     1
Dodge: Dodged            |       |       |       |       |     2 |       |     5 |       |     5 ||    12

Table legend:
 A = Spawn XP
 B = Non-spawn XP
 C = Spawn XP percentage of total XP
 D = Spawn monster count
 E = Non-spawn monster count
 F = Spawn count percentage of total count
 G = Total turns spent on level
                    A         B        C        D         E        F      G
               +---------+---------+-------+---------+---------+-------+---------
         Total |       0 | 2664579 |   0.0 |       0 |     100 |   0.0 |    73
               +---------+---------+-------+---------+---------+-------+---------
             D |       0 | 2664579 |   0.0 |       0 |     100 |   0.0 |    73
               +---------+---------+-------+---------+---------+-------+---------
